 Dungeon Crawl Stone Soup version 0.28-a0-1142-gc8569940dd (webtiles) character file.

Game seed: 5762578741912953562

53 Froggeryz the Changer (level 3, -1/26 HPs)
             Began as a Gnoll Wanderer on Dec 13, 2021.
             Was an Initiate of Cheibriados.
             Slain by a black bear (2 damage)
             ... on level 3 of the Dungeon.
             The game lasted 00:03:11 (2149 turns).

Froggeryz the Changer (Gnoll Wanderer)              Turns: 2149, Time: 00:03:11

Health: -1/26      AC:  3    Str: 13    XL:     3   Next: 89%
Magic:  0/9        EV: 11    Int: 15    God:    Cheibriados [......]
Gold:   131        SH:  9    Dex: 10    Spells: 9/12 levels left

rFire   . . .      SeeInvis .   d - +0 whip
rCold   . . .      Faith    .   j - +0 buckler
rNeg    . . .      Spirit   .   b - +0 robe
rPois   .          Reflect  +   a - +0 helmet
rElec   .          Harm     .   (no cloak)
rCorr   .          Rampage  .   (no gloves)
Will    .....                   (no boots)
Stlth   +.........              i - amulet of reflection
HPRegen 0.08/turn               (no ring)
MPRegen 0.11/turn               (no ring)

@: very slow
A: fangs 1, strong nose, distributed training
a: Renounce Religion


You were on level 3 of the Dungeon.
You worshipped Cheibriados.
Cheibriados was noncommittal.
You visited 1 branch of the dungeon, and saw 3 of its levels.

You collected 131 gold pieces.

Inventory:

Hand Weapons
 d - a +0 whip (weapon)
Missiles
 f - 18 poisoned darts
 g - 41 stones
Armour
 a - a +0 helmet (worn)
 b - a +0 robe (worn)
 j - a +0 buckler (worn)
Jewellery
 i - an amulet of reflection (around neck)
Scrolls
 e - a scroll of identify {unknown}
 h - a scroll of magic mapping {unknown}
Potions
 c - 2 potions of curing


   Skills:
 + Level 1.0 Fighting
 + Level 1.0 Short Blades
 + Level 1.0 Long Blades
 + Level 1.0 Axes
 + Level 1.0 Maces & Flails
 + Level 1.0 Polearms
 + Level 1.0 Staves
 + Level 1.0 Slings
 + Level 1.0 Bows
 + Level 1.0 Crossbows
 + Level 2.6 Throwing
 + Level 1.0 Armour
 + Level 1.0 Dodging
 + Level 1.0 Stealth
 + Level 2.6 Shields
 + Level 1.0 Unarmed Combat
 + Level 5.0 Spellcasting
 + Level 0.7 Conjurations
 + Level 0.7 Hexes
 + Level 0.7 Summonings
 + Level 0.7 Necromancy
 + Level 0.7 Translocations
 + Level 5.4 Transmutations
 + Level 0.7 Fire Magic
 + Level 0.7 Ice Magic
 + Level 2.1 Air Magic
 + Level 0.7 Earth Magic
 + Level 3.8 Poison Magic
 + Level 1.0 Invocations
 + Level 1.0 Evocations


You had 9 spell levels left.
You knew the following spells:

 Your Spells              Type           Power      Damage    Failure   Level
a - Sting                 Tmut/Pois      68%        1d6       3%          1
b - Poisonous Vapours     Pois/Air       24%        N/A       9%          2

Your spell library contained the following spells:

 Spells                   Type           Power      Damage    Failure   Level
 Ignite Poison            Fire/Tmut/Pois 13%        N/A       16%         3
 Mephitic Cloud           Conj/Pois/Air  10%        N/A       24%         3
 Olgreb's Toxic Radiance  Pois           15%        N/A       38%         4


Dungeon Overview and Level Annotations

Branches:
Dungeon (3/15)

Altars:
Cheibriados
Qazlal


Innate Abilities, Weirdness & Mutations

You have very sharp teeth.
Your uncanny sense of smell can sniff out nearby items.
Your experience applies equally to all skills.


Message History

The black bear claws you but does no damage. x2
Casting: Sting (safe; 3% risk of failure)
Confirm with . or Enter, or press ? or * to list all spells.
Aiming: Sting (safe; 3% risk of failure)
Press: ? - help, Shift-Dir - straight line, f/p - black bear
Aim: a black bear (heavily wounded, extremely poisoned, 81% to hit)
The sting hits the black bear.
The black bear looks as sick as possible!
The black bear is heavily wounded.
The black bear bites you!
* * * LOW HITPOINT WARNING * * *
The black bear claws you but does no damage.
The black bear barely misses you.
Casting: Sting (safe; 3% risk of failure)
Confirm with . or Enter, or press ? or * to list all spells.
Aiming: Sting (safe; 3% risk of failure)
Press: ? - help, Shift-Dir - straight line, f/p - black bear
Aim: a black bear (severely wounded, extremely poisoned, 81% to hit)
The sting hits the black bear but does no damage.
The black bear looks as sick as possible!
The black bear is severely wounded.
The black bear closely misses you.
The black bear claws you but does no damage.
The black bear closely misses you.
Your magical contamination has completely faded away.
Casting: Sting (safe; 3% risk of failure)
Confirm with . or Enter, or press ? or * to list all spells.
Aiming: Sting (safe; 3% risk of failure)
Press: ? - help, Shift-Dir - straight line, f/p - black bear
Aim: a black bear (severely wounded, extremely poisoned, 81% to hit)
The sting hits the black bear.
The black bear looks as sick as possible!
The black bear is severely wounded.
The black bear goes berserk!
Casting: Sting (safe; 3% risk of failure)
Confirm with . or Enter, or press ? or * to list all spells.
You don't have enough magic to cast this spell.
Unknown command.
The black bear bites you.
You die...

#†........+.#.._..'.......
#.........#.#.....#..#.###
#########...#.....#..#.#
#...#######..#.#
######'#..........#.#
#.................#.#
#.........#########.#
#.........# .# ###<##@####
#.##h# #.##.# #.##.#
#.##.# #.##.# #.##.#
#..... ...


You could see a black bear (berserk, extremely poisoned).

Vanquished Creatures
  2 dart slugs (D:1)
  An orc (D:3)
  4 bats
  2 endoplasms
  2 giant cockroaches
  6 goblins
  3 hobgoblins
  6 kobolds
  2 quokkas
  5 ball pythons
  4 frilled lizards
  6 rats
43 creatures vanquished.

Notes
Turn   | Place    | Note
-------+----------+-------------------------------------------
     0 | D:1      | Froggeryz the Gnoll Wanderer began the quest for the Orb.
     0 | D:1      | Froggeryz set off with the following items: a +0 club, a +0
                  | robe, a potion of curing; and the following spells
                  | available to memorise: Sting, Poisonous Vapours, Ignite
                  | Poison, Mephitic Cloud, Olgreb's Toxic Radiance
     0 | D:1      | Reached XP level 1. HP: 13/13 MP: 6/6
     2 | D:1      | Learned a level 1 spell: Sting
   146 | D:1      | Reached XP level 2. HP: 19/19 MP: 5/7
   658 | D:1      | Found a faded altar of an unknown god.
  1051 | D:1      | Reached XP level 3. HP: 25/25 MP: 7/9
  1109 | D:1      | Reached skill level 5 in Spellcasting
  1393 | D:2      | Found a snail-covered altar of Cheibriados.
  1433 | D:2      | Became a worshipper of Cheibriados the Contemplative
  1527 | D:2      | Reached skill level 1 in Invocations
  1530 | D:2      | Learned a level 2 spell: Poisonous Vapours
  1687 | D:2      | You fall into a shaft and drop 1 floor!
  1747 | D:3      | Found a stormy altar of Qazlal.
  1896 | D:3      | Reached skill level 1 in Fighting
  1896 | D:3      | Reached skill level 1 in Short Blades
  1896 | D:3      | Reached skill level 1 in Long Blades
  1896 | D:3      | Reached skill level 1 in Axes
  1896 | D:3      | Reached skill level 1 in Maces & Flails
  1896 | D:3      | Reached skill level 1 in Polearms
  1896 | D:3      | Reached skill level 1 in Staves
  1896 | D:3      | Reached skill level 1 in Slings
  1896 | D:3      | Reached skill level 1 in Bows
  1896 | D:3      | Reached skill level 1 in Crossbows
  1896 | D:3      | Reached skill level 1 in Armour
  1896 | D:3      | Reached skill level 1 in Dodging
  1896 | D:3      | Reached skill level 1 in Stealth
  1896 | D:3      | Reached skill level 1 in Unarmed Combat
  1896 | D:3      | Reached skill level 1 in Evocations
  2135 | D:3      | Noticed a black bear
  2146 | D:3      | HP: 1/26 [black bear (8)]
  2149 | D:3      | Slain by a black bear

Illustrated notes

Levels and vault maps discovered:
D:1:      lemuel_arrival_lava_pool, layout_loops_ring,
          ebering_ecumenical_altar_mist
D:2:      layout_rooms, basic_altar
D:3:      layout_basic, mainiacjoe_overflow_24_doors, amcnicky_altar_gilded,
          fedhas_altar_2, guppyfry_early_lair_pool, uniq_terence

Skill      XL: |  1  2  3 |
---------------+----------+-----
Air Magic      | 2 |  2.1
Spellcasting   | 5 |  5.0
Invocations    | 1 |  1.0
Fighting       | 1 |  1.0
Short Blades   | 1 |  1.0
Long Blades    | 1 |  1.0
Axes           | 1 |  1.0
Maces & Flails | 1 |  1.0
Polearms       | 1 |  1.0
Staves         | 1 |  1.0
Slings         | 1 |  1.0
Bows           | 1 |  1.0
Crossbows      | 1 |  1.0
Armour         | 1 |  1.0
Dodging        | 1 |  1.0
Stealth        | 1 |  1.0
Unarmed Combat | 1 |  1.0
Evocations     | 1 |  1.0
Throwing       | |  2.6
Shields        | |  2.6
Conjurations   | |  0.7
Hexes          | |  0.7
Summonings     | |  0.7
Necromancy     | |  0.7
Translocations | |  0.7
Transmutations | |  5.4
Fire Magic     | |  0.7
Ice Magic      | |  0.7
Earth Magic    | |  0.7
Poison Magic   | |  3.8

Action                   || total
-------------------------++-------
Melee: Whip              ||    27
       Bite              ||     1
Throw: Dart              ||     3
 Cast: Sting             ||    83
       Poisonous Vapours ||     3
  Use: Potion            ||     1
Armor: Robe              ||    25
Dodge: Dodged            ||    36
Block: Buckler           ||     1

Table legend: (Time is in decaauts)
 A = Elapsed time spent in this place.
 B = Non-inter-level travel time spent in this place.
 C = Inter-level travel time spent in this place.
 D = Time resting spent in this place.
 E = Time spent auto-exploring this place.
 F = Levels seen in this place.
 G = Mean time per level.
                   A        B        C        D        E       F      G
               +--------+--------+--------+--------+--------+-----+--------+
         Total |   2230 |   2150 |     80 |     51 |   1777 |   3 |  743.3 |
       Dungeon |   2230 |   2150 |     80 |     51 |   1777 |   3 |  743.3 |
               +--------+--------+--------+--------+--------+-----+--------+

Top non-repeatable levels by time:
     D:1: 1291 daAuts
     D:3: 543 daAuts
     D:2: 394 daAuts
